 Dungeon Crawl Stone Soup version 0.29.0-7-g18a832c13a (webtiles) character file.

Game seed: 2052423247243526565

345 robertstho the Poker (level 6, -8/58 HPs)
             Began as a Tengu Berserker on Aug 30, 2022.
             Was a Believer of Trog.
             Killed by divine providence
             ... invoked by an orc priest
              (11 damage)
             ... on level 4 of the Dungeon.
             The game lasted 00:03:37 (3443 turns).

robertstho the Poker (Tengu Berserker)              Turns: 3443, Time: 00:03:37

Health: -8/58      AC:  9    Str: 25    XL:     6   Next: 58%
Magic:  7/7        EV: 11    Int:  8    God:    Trog [**....]
Gold:   148        SH:  0    Dex: 13    Spells: 5/5 levels left

rFire   . . .      SeeInvis .   m - +3 trident
rCold   . . .      Faith    .   (no shield)
rNeg    . . .      Spirit   .   n - +0 chain mail
rPois   .          Reflect  .   (helmet restricted)
rElec   .          Harm     .   (no cloak)
rCorr   .          Rampage  .   (no gloves)
Will    .....                   (boots unavailable)
Stlth   ..........              (no amulet)
HPRegen 0.19/turn               g - +6 ring of strength
MPRegen 0.10/turn               (no ring)

@: berserking (expiring), flying quickly and evasively, very quick
A: beak, talons 3, nimble flight
a: Renounce Religion, Berserk, Trog's Hand


You were on level 4 of the Dungeon.
You worshipped Trog.
Trog was pleased with you.
You visited 1 branch of the dungeon, and saw 4 of its levels.

You collected 148 gold pieces.

Inventory:

Hand Weapons
 a - a +0 spear
 m - a +3 trident (weapon)
Armour
 n - a +0 chain mail (worn)
Jewellery
 g - a +6 ring of strength (left hand)
Scrolls
 c - 2 scrolls of acquirement {unknown}
 e - a scroll of enchant armour {unknown}
 f - a scroll of fear {unknown}
 h - a scroll of blinking
 i - a scroll of teleportation
 k - a scroll of poison {unknown}
 p - a scroll of butterflies {unknown}
 q - 3 scrolls of amnesia {unknown}
Potions
 b - 2 potions of attraction
 d - 5 potions of curing
 j - a potion of haste
 l - 2 potions of heal wounds {unknown}
 o - a potion of magic {unknown}


   Skills:
 * Level 4.6 Fighting
 + Level 5.5 Polearms
 * Level 3.8 Armour
 + Level 2.8 Dodging
 + Level 0.8 Stealth


You had 5 spell levels left.
You didn't know any spells.
Your spell library was empty.

Dungeon Overview and Level Annotations

Branches:
Dungeon (4/15)
 Temple: D:4-7

Altars:
Fedhas
Gozag
Wu Jian

Shops:
D:1 [   D:3 *[


Innate Abilities, Weirdness & Mutations

You have a beak for a mouth.
You have claws for feet.
Your magical nature lets you fly swiftly and evasively.


Message History

The orc hits you with a +0 hand axe.
You barely miss the iguana. Your kick misses the iguana.
The iguana is almost dead.
The iguana bites you but does no damage.
The iguana barely misses you. The orc hits you but does no damage.
You puncture the iguana!
You kill the iguana!
Trog accepts your kill. The iguana bites you. The orc hits you with a +0 mace.
The orc hits you with a +0 hand axe.
You are too injured to fight recklessly!
You are too injured to fight recklessly!
You are too injured to fight recklessly!
You are too injured to fight recklessly!
You are too injured to fight recklessly!
Unknown command.
A red film seems to cover your vision as you go berserk!
You feel yourself moving faster!
You feel mighty! The iguana barely misses you.
The orc hits you but does no damage. The orc misses you.
You puncture the iguana!
You kill the iguana!
Trog accepts your kill.
An orc priest comes into view. It is wielding a +0 club.
The orc completely misses you. The orc hits you with a +0 hand axe.
You closely miss the orc. You claw the orc. You peck the orc.
You kill the orc!
Trog accepts your kill.
You puncture the orc!
You kill the orc!
Trog accepts your kill.
The orc priest mumbles some strange prayers to Beogh against you.
Beogh smites you!
* * * LOW HITPOINT WARNING * * *
An orc comes into view. It is wielding a +0 club.
The orc hits you with a +0 hand axe.
* * * LOW HITPOINT WARNING * * *
You feel a strong urge to attack something.
The orc priest mumbles some strange prayers to Beogh against you.
Beogh smites you!
You die... .....# o o...# .. .o.. ... oo.

....###o##
......)oo#
#)o.# #...#
#..@# #...##
#....##..###
....#.
##)..# ...
#. ###.## #.
#. #..# #
####.#
##<##.#
#...#.#


You could see an orc priest, an orc wizard and 6 orcs.

Vanquished Creatures
  A phantom (D:4)
  An orc priest (D:4)
  2 iguanas (D:4)
  8 gnolls (D:2)
  2 adders
  A worm (D:2)
  2 dart slugs (D:3)
  7 orcs
  7 bats
  7 endoplasms
  3 giant cockroaches
  6 goblins
  8 hobgoblins
  6 jackals
  7 kobolds
  A quokka (D:2)
  5 ball pythons
  4 frilled lizards
  5 rats
83 creatures vanquished.

Notes
Turn   | Place    | Note
-------+----------+-------------------------------------------
     0 | D:1      | robertstho the Tengu Berserker began the quest for the Orb.
     0 | D:1      | Reached XP level 1. HP: 14/14 MP: 2/2
   177 | D:1      | Reached XP level 2. HP: 15/19 MP: 3/3
   803 | D:1      | Found a faded altar of an unknown god.
   947 | D:1      | Found Musary's Armour Boutique.
  1395 | D:2      | Reached XP level 3. HP: 23/23 MP: 4/4
  1632 | D:2      | Reached XP level 4. HP: 29/29 MP: 5/5
  1634 | D:2      | Reached skill level 4 in Polearms
  1924 | D:2      | Gained mutation: Your magical nature lets you fly swiftly
                  | and evasively. [Tengu growth]
  1924 | D:2      | Reached XP level 5. HP: 29/33 MP: 6/6
  2268 | D:2      | Reached ** piety under Trog
  2617 | D:3      | Found Naenec's General Store.
  2788 | D:3      | Found a blossoming altar of Fedhas.
  2866 | D:3      | Found an opulent altar of Gozag.
  3018 | D:3      | Found Mempecke's Antique Armour Shoppe.
  3154 | D:3      | Found an ornate altar of the Wu Jian Council.
  3226 | D:4      | Noticed a phantom
  3234 | D:4      | Killed a phantom
  3235 | D:4      | Reached skill level 5 in Polearms
  3235 | D:4      | Reached XP level 6. HP: 39/39 MP: 7/7
  3443 | D:4      | Killed from afar by an orc priest

Illustrated notes

Levels and vault maps discovered:
D:1:      ncdulo_smallfort, layout_basic, shapermc_ecumenical_altar_mp_vishouse,
          serial_shops, nicolae_lakefront_shop
D:2:      layout_loops_cross, minmay_fractal_squares_5
D:3:      layout_basic, grunt_gozag_statues,
          mainiacjoe_overflow_six_doors_small, nzn_wu_jian_council_hall,
          serial_shops, nicolae_shop_behind_doors, shop, hangedman_decor_growths
D:4:      corexii_shack_village, layout_basic, grunt_ministairs_5,
          dreamdust_mushroom_princess, uniq_grinder

Skill      XL: |  1  2  3  4  5 |
---------------+----------------+-----
Polearms       | 4 5 |  5.5
Fighting       | 4 |  4.6
Armour         | 3 |  3.8
Dodging        | |  2.8
Stealth        | |  0.8

Action                   |  1- 3 |  4- 6 || total
-------------------------+-------+-------++-------
Melee: Spear             |    62 |       ||    62
       Kick              |    14 |    13 ||    27
       Peck              |     7 |     7 ||    14
       Trident           |     6 |   106 ||   112
       Punch             |       |     1 ||     1
Invok: Berserk           |     3 |     2 ||     5
  Use: Scroll            |     3 |     2 ||     5
 Stab: Sleeping          |     1 |       ||     1
Armor: Animal skin       |     2 |       ||     2
       Scale mail        |     9 |     5 ||    14
       Chain mail        |       |    17 ||    17
Dodge: Dodged            |    15 |    32 ||    47
